 Dungeon Crawl Stone Soup version 0.19.4-8-ga85b6b9 (webtiles) character file.

239 Kook the Firebug (level 5, -3/35 HPs)
             Began as a High Elf Fire Elementalist on Feb 14, 2017.
             Slain by Duvessa
             ... wielding a +0 short sword
              (6 damage)
             ... on level 4 of the Dungeon.
             The game lasted 00:20:43 (3426 turns).

Kook the Firebug (High Elf Fire Elementalist)       Turns: 3426, Time: 00:20:44

Health: -3/35      AC:  6    Str:  7    XL:     5   Next: 79%
Magic:  1/12       EV: 17    Int: 20    God:
Gold:   177        SH:  0    Dex: 20    Spells: 3 memorised, 6 levels left

rFire  . . .     SeeInvis .     e - +1 spear
rCold  . . .     Gourm    .     w - +0 leather armour
rNeg   . . .     Faith    .     (no shield)
rPois  .         Spirit   .     (no helmet)
rElec  .         Reflect  .     q - +0 cloak
rCorr  .         Harm     .     h - +0 pair of gloves
MR     +....                    (no boots)
Stlth  +++.......               (no amulet)
                                (no ring)
                                (no ring)

@: agile
A: magic resistance 1, shaggy fur 1
a: no special abilities


You were on level 4 of the Dungeon.
You were hungry.

You visited 1 branch of the dungeon, and saw 4 of its levels.

You collected 178 gold pieces.
You spent 1 gold pieces at shops.

Inventory:

Hand Weapons
 e - a +1 spear (weapon)
 y - a cursed -3 scimitar
Armour
 h - a +0 pair of gloves (worn)
 q - a +0 cloak (worn)
 w - a +0 leather armour (worn)
Wands
 t - a wand of digging (19/24)
Scrolls
 d - a scroll of noise
 g - a scroll of enchant weapon
 l - 2 scrolls of immolation {unknown}
 n - a scroll of blinking
 o - a scroll of identify
 r - 3 scrolls of recharging
 u - a scroll of remove curse
 x - a scroll of enchant armour {unknown}
Potions
 a - a potion of agility
 f - a potion of brilliance {unknown}
 k - 2 potions of haste {unknown}
 m - 2 potions of lignification {unknown}
 p - a potion of cancellation {unknown}
 s - a potion of heal wounds {unknown}
 v - 2 potions of might {unknown}
Books
 b - a book of Flames

   Spells                             Type                      Level
   a - Flame Tongue                   Conjuration/Fire             1
   b - Throw Flame                    Conjuration/Fire             2
   c - Conjure Flame                  Conjuration/Fire             3
   d - Inner Flame                    Hexes/Fire                   3
   e - Sticky Flame                   Conjuration/Fire             4
   f - Fireball                       Conjuration/Fire             5
Comestibles
 c - 2 bread rations
 i - a slice of pizza
 j - 3 meat rations
 z - a chunk of flesh


   Skills:
 * Level 2.4 Fighting
 + Level 0.2 Long Blades
 - Level 2.1 Dodging
 - Level 2.1 Stealth
 * Level 4.0 Spellcasting
 * Level 3.1 Conjurations
 * Level 4.2 Fire Magic


You had 6 spell levels left.
You knew the following spells:

 Your Spells              Type           Power        Failure   Level  Hunger
a - Flame Tongue          Conj/Fire      ###..        4%          1    None
b - Throw Flame           Conj/Fire      ###...       10%         2    #......
c - Conjure Flame         Conj/Fire      ###.....     14%         3    ###....


Dungeon Overview and Level Annotations

Branches:
Dungeon (4/15)
 Temple: D:4-7

Altars:
Qazlal

Shops:
D:4 (

Annotations:
D:4 Duvessa


Innate Abilities, Weirdness & Mutations

You are resistant to hostile enchantments. (MR+)
You are covered in fur. (AC +1)


Message History

Casting: Flame Tongue
Confirm with . or Enter, or press ? or * to list all spells.
Aiming: Flame Tongue
Press: ? - help, Shift-Dir - straight line, f/p - Dowan
Aim: Dowan, wielding a dagger and wearing a robe (almost dead)
The flame tongue hits Dowan.
You kill Dowan!
Duvessa weeps, then rights herself and shakes her weapon.
Duvessa goes berserk!
Your Spellcasting skill increases to level 4!
Your Conjurations skill increases to level 3!
Duvessa hits you with a short sword.
You feel agile all of a sudden. Duvessa barely misses you.
Duvessa hits you with a short sword!
* * * LOW HITPOINT WARNING * * *
Okay, then.
Things that are here:
a dagger; a robe; the elf corpse of Dowan Duvessa hits you with a short sword.
You die...

## #. #.## #..##.## ### ###
##..#...# # #.###.#
.......#.. #.#.##.## ##.
##..#...# ####.#...## #..
#..##.## #......##.###.#
#..##.#.
#.##.#.###.#.#######⌠.⌠#...
#.#...e@..........∩.#... .
######..######.⌠.⌠#..#
.#########.# #.......#
.#..........# #.#.###.# ..
.#######..# #.#.# #.#
#..######.#.# #.#
##...........# #.#
#.....####.#####.#
#####................#


You could see Duvessa (berserk).

Vanquished Creatures
  Dowan (D:4)
  3 gnolls (D:2)
  8 adders
  An ooze (D:1)
  2 worms
  A leopard gecko (D:1)
  6 orcs (D:3)
  3 giant cockroaches
  6 goblins
  3 hobgoblins
  14 jackals
  A quokka (D:4)
  A ball python (D:1)
  5 bats
  7 frilled lizards
  4 kobolds
  16 rats
82 creatures vanquished.

Notes
Turn   | Place    | Note
-------+----------+-------------------------------------------
     0 | D:1      | Kook the High Elf Fire Elementalist began the quest for the Orb.
     0 | D:1      | Reached XP level 1. HP: 11/11 MP: 4/4
    90 | D:1      | Reached XP level 2. HP: 8/18 MP: 2/6
   810 | D:1      | Reached XP level 3. HP: 22/22 MP: 6/8
  1159 | D:2      | Reached skill level 1 in Fighting
  1169 | D:2      | Learned a level 2 spell: Throw Flame
  1173 | D:2      | Learned a level 3 spell: Conjure Flame
  1323 | D:2      | Found a stormy altar of Qazlal.
  1406 | D:2      | Gained mutation: You are covered in fur. (AC +1) [potion of beneficial mutation]
  1407 | D:2      | Gained mutation: You are resistant to hostile enchantments. (MR+) [potion of beneficial mutation]
  1422 | D:2      | Reached XP level 4. HP: 14/28 MP: 0/10
  2357 | D:2      | You fall through a shaft!
  2673 | D:3      | Reached XP level 5. HP: 33/34 MP: 8/11
  3351 | D:4      | Found Tenolex's Weapon Shoppe.
  3355 | D:4      | Bought a cursed -3 scimitar for 1 gold piece
  3390 | D:4      | Noticed Dowan
  3393 | D:4      | Noticed Duvessa
  3423 | D:4      | Killed Dowan
  3426 | D:4      | Slain by Duvessa

Skill      XL: |  1  2  3  4  5 |
---------------+----------------+-----
Spellcasting   | 3 4 |  4.0
Fighting       | 1 2 |  2.4
Conjurations   | 2 3 |  3.1
Fire Magic     | 4 |  4.2
Long Blades    | |  0.2
Dodging        | |  2.1
Stealth        | |  2.1

Action                   |  1- 3 |  4- 6 || total
-------------------------+-------+-------++-------
Melee: Spear             |    59 |   117 ||   176
       Unarmed           |       |     4 ||     4
 Cast: Flame Tongue      |    54 |    62 ||   116
       Conjure Flame     |     1 |     3 ||     4
  Use: Potion            |     3 |     1 ||     4
       Scroll            |     1 |     6 ||     7
 Stab: Sleeping          |     1 |     2 ||     3
  Eat: Chunk             |     1 |     7 ||     8
Armor: Robe              |    21 |       ||    21
       Leather armour    |     5 |    57 ||    62
       Skin              |       |     2 ||     2
Dodge: Dodged            |    51 |    97 ||   148
